 Dungeon Crawl Stone Soup version 0.30-a0-329-g85436e0a43 (webtiles) character file.

Game seed: 3089213909623449620

11811 purpskrrrp the Dealer of Despair (level 11, -7/54 HPs)
             Began as a Deep Elf Summoner on Oct 28, 2022.
             Was an Elder of Kikubaaqudgha.
             Killed by divine providence
             ... invoked by an orc priest
              (15 damage)
             ... on level 11 of the Dungeon.
             The game lasted 01:03:58 (15375 turns).

purpskrrrp the Dealer of Despair (DESu)            Turns: 15375, Time: 01:03:59

Health: -7/54      AC: 11    Str:  5    XL:     11   Next: 54%
Magic:  16/26      EV: 31    Int: 25    God:    Kikubaaqudgha [****..]
Gold:   506        SH:  0    Dex: 15    Spells: 15/29 levels left

rFire   + . .      SeeInvis +    o - staff of death
rCold   . . .      Faith    .    (no shield)
rNeg    + + .      Spirit   .    E - +2 robe {rN+}
rPois   .          Reflect  .    e - +0 helmet
rElec   .          Harm     .    t - +2 cloak
rCorr   .          Rampage  .    (no gloves)
Will    +....                    B - +2 pair of boots
Stlth   +++.......               x - amulet of the acrobat
HPRegen 0.29/turn                f - ring of see invisible
MPRegen 0.20/turn                m - ring of protection from fire

@: acrobatic
A: no striking features
a: Renounce Religion, Unearth Wretches


You were on level 11 of the Dungeon.
You worshipped Kikubaaqudgha.
Kikubaaqudgha was greatly pleased with you.
You visited 1 branch of the dungeon, and saw 11 of its levels.

You collected 621 gold pieces.
You spent 115 gold pieces at shops.

Inventory:

Hand Weapons
 c - a +0 short sword
 i - a +4 dagger
 p - a +1 mace of holy wrath
 q - a -1 demon whip of venom
 y - a +2 dagger of venom
Armour
 a - a +0 robe
 e - a +0 helmet (worn)
 t - a +2 cloak (worn)
 w - a +0 pair of boots
 B - a +2 pair of boots (worn)
 E - a +2 robe of positive energy (worn)
Magical Staves
 o - a staff of death (weapon)
Jewellery
 f - a ring of see invisible (left hand)
 m - a ring of protection from fire (right hand)
 n - a ring of fire
 v - an amulet of guardian spirit
 x - an amulet of the acrobat (around neck)
Wands
 l - a wand of iceblast (6)
 r - a wand of polymorph (12)
 D - a wand of light (3)
 F - a wand of mindburst (14)
Scrolls
 k - a scroll of vulnerability
 u - a scroll of poison
 C - a scroll of silence
 G - a scroll of identify
 I - 2 scrolls of enchant weapon {unknown}
Potions
 b - 2 potions of degeneration {unknown}
 d - 2 potions of lignification
 g - 3 potions of brilliance
 h - 6 potions of attraction
 j - a potion of cancellation
 s - 4 potions of might
 z - 3 potions of curing
 A - a potion of flight


   Skills:
 + Level 6.6 Staves
 + Level 9.1 Dodging
 - Level 4.4 Stealth
 + Level 9.9 Spellcasting
 + Level 9.1 Summonings
 * Level 11.3 Necromancy
 + Level 7.1 Evocations


You had 15 spell levels left.
You knew the following spells:

 Your Spells              Type           Power      Damage    Failure   Level
a - Summon Small Mammal   Summ           100%       N/A       1%          1
b - Call Imp              Summ           55%        N/A       1%          2
c - Call Canine Familiar  Summ           55%        N/A       1%          3
d - Summon Guardian Gole  Hex/Summ       35%        N/A       2%          3
e - Agony                 Necr           80%        N/A       1%          5

Your spell library contained the following spells:

 Spells                   Type           Power      Damage    Failure   Level
 Necrotise                Necr           100%       1d9       1%          1
 Cigotuvi's Dreadful Rot  Necr/Pois/Air  92%        N/A       1%          2
 Sublimation of Blood     Necr           80%        N/A       1%          2
 Vampiric Draining        Necr           80%        2d11      1%          3
 Animate Dead             Necr           80%        N/A       1%          4
 Dispel Undead            Necr           80%        3d26      1%          4
 Apportation              Tloc           24%        N/A       4%          1
 Sandblast                Erth           24%        2d8       4%          1
 Anguish                  Hex/Necr       28%        N/A       4%          4
 Ensorcelled Hibernation  Hex/Ice        24%        N/A       8%          2
 Passwall                 Tmut/Erth      10%        N/A       8%          2
 Poisonous Vapours        Pois/Air       24%        N/A       8%          2
 Summon Lightning Spire   Summ/Air       35%        N/A       8%          4
 Borgnjor's Vile Clutch   Necr/Erth      28%        N/A       14%         5
 Mephitic Cloud           Conj/Pois/Air  12%        N/A       16%         3
 Stone Arrow              Conj/Erth      24%        3d8       16%         3
 Swiftness                Air            12%        N/A       16%         3
 Simulacrum               Ice/Necr       28%        N/A       58%         6
 Alistair's Intoxication  Tmut/Pois      8%         N/A       80%         5
 Enfeeble                 Hex            6%         N/A       100%        7


Dungeon Overview and Level Annotations

Branches:
Dungeon (11/15)            Temple (0/1) D:4            Lair (0/5) D:9
    Orc (0/2) D:9

Altars:
Ashenzari
Dithmenos
Elyvilon
Gozag
Hepliaklqana
Kikubaaqudgha
Makhleb
Qazlal
Ru
Trog
Uskayaw
Vehumet
Xom
Yredelemnul
Zin
The Shining One

Shops:
D:1 (   D:6 (


Message History

The orc priest hits your guardian golem with a +0 trident.
The orc priest hits your guardian golem with a +0 trident!
The orc priest barely misses your guardian golem.
The orc priest invokes the aid of Beogh against you.
Beogh smites you!
* * * LOW HITPOINT WARNING * * *
Okay, then.
You feel much better.
The orc priest hits your guardian golem but does no damage.
An orc wizard comes into view. It is wielding a +0 dagger.
The orc priest invokes the aid of Beogh against you.
Beogh smites you!
The orc priest barely misses your guardian golem.
The orc priest barely misses your guardian golem.
Found a ring mail.
The orc priest looks braver for a moment.
Casting: Summon Guardian Golem (dangerous; 2% risk of failure)
Confirm with . or Enter, or press ? or * to list all spells.
Casting: Call Canine Familiar (safe; 1% risk of failure)
Confirm with . or Enter, or press ? or * to list all spells.
A guardian golem appears, shielding your allies.
Casting: Summon Guardian Golem (dangerous; 2% risk of failure)
Confirm with . or Enter, or press ? or * to list all spells.
A shadowy apparition takes form in the air.
The orc priest invokes the aid of Beogh against you.
Beogh smites you!
* * * LOW HITPOINT WARNING * * *
Your shadow imp completely misses the orc priest.
The orc priest hits your guardian golem with a +0 trident.
Your shadow imp closely misses the orc priest.
The orc priest hits your guardian golem with a +0 trident.
Your shadow imp misses the orc priest.
The orc priest hits your guardian golem but does no damage.
Your shadow imp closely misses the orc priest.
The orc priest hits your guardian golem but does no damage.
Your shadow imp hits the orc priest.
The orc priest mumbles some strange prayers to Beogh against you.
Beogh smites you!
You die...
Kikubaaqudgha rasps: "You have failed me!
Welcome... death!"

### ..# ###.## ....
#.#### ###+##+## #o....
.[.....@# #.9###
##......##+########..<<.
#.....h9....9o)o....#.#
#..##+#5o...#######.≈≈.
#. +.....# #.≈≈. #
#.....# #.≈≈. #.....#
#...≈≈. #.....# ###.≈≈.
####+## ♣.≈≈.


You could see an orc priest (ally target), a friendly guardian golem (summoned),
a friendly wolf (summoned, sheltered) and a friendly shadow imp (summoned,
sheltered).

Vanquished Creatures
  3 two-headed ogres (D:10)
  A troll (D:10)
  3 yaks (D:8)
  A sky beast (D:7)
  A bullfrog (D:7)
  A gnoll sergeant (D:10)
  A killer bee (D:10)
  An iguana (D:4)
  An orc wizard (D:7)
  2 adders (D:3)
  2 ufetubi
  A worm (D:4)
  7 orcs
  3 endoplasms
  3 giant cockroaches
  5 goblins
  A hobgoblin (D:4)
  3 jackals
  6 kobolds
  A quokka (D:4)
  A bat (D:1)
  A frilled lizard (D:1)
  A rat (D:1)
50 creatures vanquished.

Vanquished Creatures (collateral kills)
  Erica (D:8)
  A gargoyle (D:10)
  Psyche (D:10)
  A troll (D:9)
  A shadow (D:9)
  3 yaks
  2 steam dragons
  A water moccasin (D:5)
  2 ice beasts
  A black bear (D:5)
  2 sky beasts (D:6)
  An orc warrior (D:7)
  An ogre (D:5)
  A centaur (D:8)
  A bullfrog (D:8)
  A necrophage (D:6)
  2 scorpions (D:6)
  A gnoll sergeant (D:6)
  7 wights
  3 killer bees (D:7)
  3 howler monkeys
  A crimson imp (D:7)
  3 hounds
  A jelly (D:4)
  2 orc priests
  An iguana (D:4)
  6 orc wizards
  10 gnolls
  Robin (D:2)
  10 adders
  A white imp (D:8)
  An ufetubus (D:5)
  A worm (D:2)
  2 dart slugs
  15 orcs
  2 ball pythons
  6 endoplasms
  4 giant cockroaches
  5 goblins
  6 hobgoblins
  4 jackals
  8 kobolds
  2 bats
  A frilled lizard (D:1)
  4 rats (D:1)
134 creatures vanquished.

Vanquished Creatures (others)
  2 two-headed ogres
  Amaemon (D:8)
  An orange demon (D:8)
  Maggie (D:8)
  A troll (D:8)
  A wyvern (D:8)
  6 yaks (D:10)
  A steam dragon (D:10)
  A black bear (D:8)
  2 orc warriors
  2 centaurs (D:10)
  2 kobold brigands
  A bullfrog (D:7)
  3 killer bees
  A hound (D:7)
  A gnoll bouda (D:6)
  Crazy Yiuf (D:6)
  4 gnolls
  An orc (D:11)
  3 kobolds (D:8)
  2 plants (D:6)
38 creatures vanquished.

Grand Total: 222 creatures vanquished

Notes
Turn   | Place    | Note
-------+----------+-------------------------------------------
     0 | D:1      | purpskrrrp the Deep Elf Summoner began the quest for the
                  | Orb.
     0 | D:1      | Reached XP level 1. HP: 10/10 MP: 6/6
   202 | D:1      | Found a faded altar of an unknown god.
   223 | D:1      | Prayed at the altar of an unknown god.
   223 | D:1      | Became a worshipper of Kikubaaqudgha
   223 | D:1      | Reached * piety under Kikubaaqudgha
   223 | D:1      | Received a gift from Kikubaaqudgha
   249 | D:1      | Found Fyasyreh's Antique Weapon Boutique.
   462 | D:1      | Reached XP level 2. HP: 14/15 MP: 6/8
  1258 | D:2      | Reached XP level 3. HP: 7/19 MP: 7/10
  1336 | D:2      | Learned a level 2 spell: Call Imp
  1419 | D:2      | Noticed Robin
  1440 | D:2      | Killed Robin
  2023 | D:3      | Reached XP level 4. HP: 13/24 MP: 6/12
  2028 | D:3      | Reached ** piety under Kikubaaqudgha
  2092 | D:3      | Found a broken altar of Ashenzari.
  2349 | D:3      | Found an ancient bone altar of Kikubaaqudgha.
  2469 | D:3      | Reached skill level 5 in Summonings
  2847 | D:4      | Found a staircase to the Ecumenical Temple.
  2861 | D:4      | Reached XP level 5. HP: 13/28 MP: 9/13
  3129 | D:4      | Found a glowing silver altar of Zin.
  3291 | D:4      | Found a sacrificial altar of Ru.
  3456 | D:4      | Reached skill level 1 in Necromancy
  4166 | D:1      | Bought a glowing dagger for 115 gold pieces
  4169 | D:1      | Identified a scroll of acquirement
  4169 | D:1      | Acquired a staff of death
  4228 | D:5      | Entered Level 5 of the Dungeon
  4247 | D:5      | Reached XP level 6. HP: 14/32 MP: 12/15
  4335 | D:5      | Found a stormy altar of Qazlal.
  4340 | D:5      | Learned a level 3 spell: Call Canine Familiar
  4852 | D:5      | Reached skill level 2 in Necromancy
  5253 | D:5      | Reached skill level 5 in Spellcasting
  5425 | D:5      | Noticed a water moccasin
  5454 | D:5      | Killed a water moccasin
  5455 | D:5      | Reached skill level 1 in Staves
  5455 | D:5      | Reached skill level 1 in Evocations
  5556 | D:5      | Reached skill level 3 in Necromancy
  5556 | D:5      | Reached XP level 7. HP: 32/36 MP: 9/17
  5846 | D:5      | Found a shadowy altar of Dithmenos.
  6361 | D:6      | Reached skill level 5 in Dodging
  6376 | D:6      | Reached skill level 4 in Necromancy
  6733 | D:6      | Reached *** piety under Kikubaaqudgha
  6733 | D:6      | Received a gift from Kikubaaqudgha
  6738 | D:6      | Reached XP level 8. HP: 41/41 MP: 11/18
  6822 | D:6      | Learned a level 3 spell: Summon Guardian Golem
  6994 | D:6      | Reached skill level 5 in Necromancy
  7153 | D:6      | Found Kux Bos's Weapon Boutique.
  7322 | D:6      | Found a hide-covered altar of Uskayaw.
  7803 | D:6      | Found a runed translucent door.
  7804 | D:6      | Noticed Crazy Yiuf
  8141 | D:6      | Killed Crazy Yiuf
  8328 | D:7      | Reached skill level 6 in Necromancy
  8808 | D:7      | Found a shimmering altar of Xom.
  8815 | D:7      | Found a burning altar of Makhleb.
  8951 | D:7      | Reached XP level 9. HP: 28/45 MP: 10/21
  9046 | D:7      | Found a bloodstained altar of Trog.
  9209 | D:7      | Found an opulent altar of Gozag.
  9656 | D:7      | Found a white marble altar of Elyvilon.
 10224 | D:8      | Found a radiant altar of Vehumet.
 10240 | D:8      | Reached skill level 7 in Necromancy
 10675 | D:8      | Noticed Erica
 10699 | D:8      | Killed Erica
 10767 | D:8      | Found a glowing golden altar of the Shining One.
 10945 | D:8      | Found a basalt altar of Yredelemnul.
 10978 | D:8      | Reached skill level 8 in Necromancy
 11582 | D:8      | Reached skill level 5 in Evocations
 11592 | D:9      | Found a staircase to the Orcish Mines.
 11876 | D:8      | Learned a level 5 spell: Agony
 11963 | D:8      | Noticed an orange demon
 11963 | D:8      | Noticed Amaemon
 11989 | D:8      | Killed an orange demon
 11999 | D:8      | Noticed Maggie
 12199 | D:8      | Killed Maggie
 12200 | D:8      | Reached XP level 10. HP: 50/50 MP: 12/24
 12225 | D:8      | Killed Amaemon
 12226 | D:8      | Reached skill level 5 in Staves
 12506 | D:8      | Reached skill level 9 in Necromancy
 13466 | D:9      | Found a staircase to the Lair.
 13590 | D:9      | Reached **** piety under Kikubaaqudgha
 13750 | D:10     | Entered Level 10 of the Dungeon
 13823 | D:10     | Reached skill level 10 in Necromancy
 13954 | D:10     | Noticed a two-headed ogre
 13956 | D:10     | Noticed a two-headed ogre
 13984 | D:10     | Killed a two-headed ogre
 13985 | D:10     | Reached XP level 11. HP: 10/54 MP: 14/26
 14009 | D:10     | Killed a two-headed ogre
 14357 | D:10     | Found a hazy altar of Hepliaklqana.
 14450 | D:10     | Noticed a two-headed ogre
 14514 | D:10     | Noticed Psyche
 14521 | D:10     | Killed Psyche
 14680 | D:10     | Identified the +5 rapier "Xoofynil" {flame, rPois}
 14739 | D:10     | Killed a two-headed ogre
 14885 | D:10     | Reached skill level 11 in Necromancy
 15077 | D:10     | Noticed a two-headed ogre
 15088 | D:10     | Killed a two-headed ogre
 15309 | D:11     | Noticed a two-headed ogre
 15327 | D:11     | Killed a two-headed ogre
 15358 | D:11     | HP: 1/54 [orc priest/divine providence (10)]
 15375 | D:11     | Killed from afar by an orc priest

Illustrated notes

Levels and vault maps discovered:
D:1:      heliophobic_arrival_dark_side_of_the_moon, layout_basic, serial_shops,
          nicolae_shop_advertising_works [nicolae_subvault_shop_adworks],
          basic_ecumenical_altar, minmay_misc_feat_x
D:2:      layout_loops_ring, chequers_avenue, eino_tiny_chamber,
          minmay_misc_feat_nine_boxes, uniq_robin
D:3:      layout_rooms, mainiacjoe_overflow_alcove_2,
          nicolae_ashenzari_panopticon
D:4:      layout_basic, lemuel_round_altar, nicolae_ru_great_annihilating_truth,
          minmay_temple_entry_junction_2
D:5:      layout_basic, mainiacjoe_overflow_cross_hatched,
          nicolae_dithmenos_through_a_glass_darkly,
          nicolae_concentric_dashed_squares_wild
D:6:      layout_basic, mainiacjoe_overflow_boulevard, serial_shops, shop,
          uniq_crazy_yiuf_cottage
D:7:      layout_basic, mainiacjoe_overflow_24_doors, elyvilon_altar_4,
          kennysheep_mini_moat, grunt_temple_overflow_champion_of_chaos,
          minmay_misc_feat_five
D:8:      layout_loops_ring, lemuel_tele_altar, nicolae_tso_carved_into_rock,
          vehumet_crystals, uniq_maggie, uniq_amaemon, uniq_erica
D:9:      layout_cave_pools, orc_0_dummy
D:10:     layout_irregular_city, mainiacjoe_overflow_brackets,
          serial_park_tiny_1, minmay_circle_x, uniq_psyche
D:11:     layout_basic, gauntlet_entry_generic, nicolae_wooded_promenade,
          beargit_hepliaklqana_dungeon_heroes, uniq_snorg

Skill      XL: |  1  2  3  4  5  6  7  8  9 10 11 |
---------------+----------------------------------+-----
Stealth        | 3 4 |  4.4
Dodging        | 3 4 5 6 7 8 9 |  9.1
Spellcasting   | 4 5 7 8 9 |  9.9
Summonings     | 5 6 7 8 9 |  9.1
Necromancy     | 1 3 4 6 8 10 11 | 11.3
Staves         | 1 2 3 4 6 |  6.6
Evocations     | 1 2 4 5 6 7 |  7.1

Action                   |  1- 3 |  4- 6 |  7- 9 | 10-12 || total
-------------------------+-------+-------+-------+-------++-------
Melee: Short sword       |    81 |     2 |       |       ||    83
       Unarmed           |    14 |       |       |       ||    14
       Punch             |     1 |     1 |     2 |     3 ||     7
       Dagger            |       |    36 |       |       ||    36
       Staff             |       |     9 |   143 |   120 ||   272
       Mace              |       |     6 |       |       ||     6
 Cast: Summon Small Mamm |    49 |    52 |    76 |    33 ||   210
       Call Imp          |     9 |    31 |    53 |    24 ||   117
       Call Canine Famil |       |     6 |    58 |    22 ||    86
       Summon Guardian G |       |       |    30 |    30 ||    60
       Agony             |       |       |     1 |       ||     1
  Use: Scroll            |     5 |     7 |    13 |       ||    25
       Potion            |     1 |       |     4 |     5 ||    10
 Stab: Sleeping          |     1 |     4 |     2 |     1 ||     8
       Distracted        |       |       |     6 |     1 ||     7
Armor: Robe              |    18 |    16 |    42 |    50 ||   126
Dodge: Dodged            |    75 |    58 |   155 |   162 ||   450

Table legend: (Time is in decaauts)
 A = Elapsed time spent in this place.
 B = Non-inter-level travel time spent in this place.
 C = Inter-level travel time spent in this place.
 D = Time resting spent in this place.
 E = Time spent auto-exploring this place.
 F = Levels seen in this place.
 G = Mean time per level.
                   A        B        C        D        E       F      G
               +--------+--------+--------+--------+--------+-----+--------+
         Total |  15386 |  14657 |    729 |   2611 |   8508 |  11 | 1398.7 |
       Dungeon |  15386 |  14657 |    729 |   2611 |   8508 |  11 | 1398.7 |
               +--------+--------+--------+--------+--------+-----+--------+

Top non-repeatable levels by time:
     D:8: 2782 daAuts
     D:5: 1980 daAuts
     D:6: 1979 daAuts
     D:7: 1774 daAuts
    D:10: 1535 daAuts
     D:4: 1456 daAuts
     D:2: 1038 daAuts
     D:1: 1020 daAuts
     D:9: 914 daAuts
     D:3: 820 daAuts
    D:11: 83 daAuts
